 Dungeon Crawl Stone Soup version 0.29-a0-1052-g6990b1bffc (webtiles) character file.

Game seed: 748542653511140039

33 Plasmagod the Chopper (level 3, -2/31 HPs)
             Began as a Hill Orc Monk on Aug 17, 2022.
             Slain by a hobgoblin (3 damage)
             ... on level 2 of the Dungeon.
             The game lasted 00:01:28 (1363 turns).

Plasmagod the Chopper (Hill Orc Monk)               Turns: 1363, Time: 00:01:28

Health: -2/31      AC:  2    Str: 15    XL:     3   Next: 29%
Magic:  3/3        EV: 10    Int: 10    God:
Gold:   82         SH:  7    Dex: 13    Spells: 2/2 levels left

rFire   . . .      SeeInvis .   a - +0 hand axe
rCold   . . .      Faith    .   d - +0 kite shield
rNeg    . . .      Spirit   .   b - +0 robe
rPois   .          Reflect  .   (no helmet)
rElec   .          Harm     .   (no cloak)
rCorr   .          Rampage  .   (no gloves)
Will    .....                   (no boots)
Stlth   ++........              (no amulet)
HPRegen 0.10/turn               (no ring)
MPRegen 0.08/turn               (no ring)

@: lethally poisoned (-2 -> -6)
A: no striking features
a: no special abilities


You were on level 2 of the Dungeon.
You visited 1 branch of the dungeon, and saw 2 of its levels.

You collected 82 gold pieces.

Inventory:

Hand Weapons
 a - a +0 hand axe (weapon)
Armour
 b - a +0 robe (worn)
 d - a +0 kite shield (worn)
Scrolls
 g - a scroll of vulnerability {unknown}
 h - a scroll of blinking {unknown}
 j - a scroll of identify {unknown}
 k - a scroll of poison {unknown}
Potions
 c - a potion of ambrosia
 e - a potion of attraction {unknown}
 f - a potion of lignification {unknown}
 i - 2 potions of curing {unknown}


   Skills:
 - Level 3.6 Fighting
 + Level 5.7 Axes
 - Level 2.4 Dodging
 - Level 1.5 Stealth


You had 2 spell levels left.
You didn't know any spells.
Your spell library was empty.

Dungeon Overview and Level Annotations

Branches:
Dungeon (2/15)

Altars:

Shops:
D:2 !


Message History

The adder bites you.
You are poisoned.
The adder poisons you!
You miss the adder.
The adder is heavily wounded.
You barely miss the quokka.
You feel sick. The quokka closely misses you. You block the adder's attack.
The quokka bites you but does no damage.
The adder bites you but does no damage.
You closely miss the adder.
The adder is heavily wounded.
You hit the quokka but do no damage.
You feel sick. You block the quokka's attack.
The adder bites you but does no damage.
You closely miss the adder.
The adder is heavily wounded.
You barely miss the quokka.
You feel sick.
You are no longer poisoned.
You block the quokka's attack. The adder closely misses you.
The quokka closely misses you. The adder bites you.
You barely miss the adder.
The adder is heavily wounded.
You barely miss the quokka. You barely miss the hobgoblin. The adder bites you.
You are poisoned.
The adder poisons you! The quokka barely misses you. The hobgoblin hits you.
The adder bites you.
You are too injured to fight recklessly!
You are too injured to fight recklessly!
You are too injured to fight recklessly!
You are too injured to fight recklessly!
You closely miss the adder.
The adder is heavily wounded.
You closely miss the hobgoblin. You closely miss the quokka.
You feel sick. You block the quokka's attack. The hobgoblin hits you.
* * * LOW HITPOINT WARNING * * *
The adder bites you.
* * * LOW HITPOINT WARNING * * *
The quokka bites you.
* * * LOW HITPOINT WARNING * * *
The hobgoblin hits you.
You die...

##############
.............#
.............# ...........#
#.........# ##..gSr....#
#....@.....# #.?........#
#...######## #...# # #...#
########## .. #...#
#......... ...# #...#
#.........
.#..##...#########.........
...........................


You could see an adder, a quokka and a hobgoblin.

Vanquished Creatures
  A dart slug (D:1)
  3 ball pythons (D:1)
  3 giant cockroaches
  4 goblins (D:1)
  3 hobgoblins (D:1)
  5 jackals (D:1)
  3 bats (D:1)
  A frilled lizard (D:1)
  A kobold (D:1)
  3 rats
27 creatures vanquished.

Vanquished Creatures (others)
  4 demonic plants (D:2)
  2 fungi (D:2)
  2 plants (D:2)
  2 withered plants (D:2)
10 creatures vanquished.

Grand Total: 37 creatures vanquished

Notes
Turn   | Place    | Note
-------+----------+-------------------------------------------
     0 | D:1      | Plasmagod the Hill Orc Monk began the quest for the Orb.
     0 | D:1      | Reached XP level 1. HP: 19/19 MP: 1/1
   213 | D:1      | Reached XP level 2. HP: 26/26 MP: 2/2
   267 | D:1      | Reached skill level 5 in Axes
   946 | D:1      | Reached XP level 3. HP: 31/31 MP: 3/3
  1268 | D:2      | Found Zuityer's Distillery.
  1363 | D:2      | HP: 1/31 [quokka (4)]
  1363 | D:2      | Slain by a hobgoblin

Illustrated notes

Levels and vault maps discovered:
D:1:      minmay_arrival_pointy, layout_loops_cross
D:2:      layout_basic, shapermc_ecumenical_altar_gd, serial_shops,
          nicolae_shop_crystal, minmay_pentomino_pile

Skill      XL: |  1  2 |
---------------+-------+-----
Axes           | 5 |  5.7
Fighting       | |  3.6
Dodging        | |  2.4
Stealth        | |  1.5

Action                   || total
-------------------------++-------
Melee: Hand axe          ||    92
 Stab: Sleeping          ||     4
Armor: Robe              ||    18
Dodge: Dodged            ||    49
Block: Kite shield       ||    36

Table legend: (Time is in decaauts)
 A = Elapsed time spent in this place.
 B = Non-inter-level travel time spent in this place.
 C = Inter-level travel time spent in this place.
 D = Time resting spent in this place.
 E = Time spent auto-exploring this place.
 F = Levels seen in this place.
 G = Mean time per level.
                   A        B        C        D        E       F      G
               +--------+--------+--------+--------+--------+-----+--------+
         Total |   1383 |   1367 |     16 |      0 |   1148 |   2 |  691.5 |
       Dungeon |   1383 |   1367 |     16 |      0 |   1148 |   2 |  691.5 |
               +--------+--------+--------+--------+--------+-----+--------+

Top non-repeatable levels by time:
     D:1: 1277 daAuts
     D:2: 105 daAuts
